 Dungeon Crawl Stone Soup version 0.22-a0-456-g11ed031 (webtiles) character file.

6665 MisterFreud the Arsonist (level 11, -8/81 HPs)
             Began as a Naga Fire Elementalist on June 6, 2018.
             Was a Priest of Cheibriados.
             Mangled by a red ugly thing (19 damage)
             ... on level 10 of the Dungeon.
             The game lasted 00:46:21 (10238 turns).

MisterFreud the Arsonist (Naga Fire Elementalist)  Turns: 10238, Time: 00:46:21

Health: -8/81      AC:  7    Str: 18    XL:     11   Next: 3%
Magic:  13/21      EV: 13    Int: 26    God:    Cheibriados [***...]
Gold:   468        SH:  0    Dex: 23    Spells: 10/23 levels left

rFire    . . .     SeeInvis +   m - +2 dagger (freeze)
rCold    . . .     Gourm    .   (no shield)
rNeg     . . .     Faith    .   n - +2 robe
rPois    +         Spirit   .   (no helmet)
rElec    .         Reflect  .   h - +0 cloak
rCorr    .         Harm     .   (no gloves)
MR       +....                  (no barding)
Stlth    +++.......             x - amulet of magic regeneration
HPRegen  0.23/turn              s - +3 ring of evasion
MPRegen  0.42/turn              E - +5 ring of dexterity

@: very slow
A: large, see invisible, deformed body, poison resistance, slowness 2, slow
metabolism 1, spit poison 1, AC +3
a: Spit Poison, Bend Time, Temporal Distortion, Renounce Religion


You were on level 10 of the Dungeon.
You worshipped Cheibriados.
Cheibriados was most pleased with you.
You were not hungry.

You visited 2 branches of the dungeon, and saw 11 of its levels.

You collected 468 gold pieces.

Inventory:

Hand Weapons
 m - a +2 dagger of freezing (weapon)
 y - a +0 whip of flaming
Missiles
 b - 29 poisoned needles
 d - 343 stones
 e - 161 sling bullets
 f - 137 arrows
 j - 8 tomahawks (quivered)
 p - 124 bolts
Armour
 h - a +0 cloak (worn)
 n - a +2 robe (worn)
 z - the +5 ring mail "Loixao Vezus" {rPois Str+2, unknown}
   (You found it on level 5 of the Dungeon)

   It affects your strength (+2).
   It protects you from poison.
 D - a +1 robe of positive energy
Jewellery
 i - a +4 amulet of reflection
 s - a +3 ring of evasion (left hand)
 x - an amulet of magic regeneration (around neck)
 B - a +3 amulet of reflection
 E - a +5 ring of dexterity (right hand)
 H - an uncursed amulet of the gourmand
 K - an uncursed ring of protection from fire
Wands
 a - a wand of scattershot (1)
 F - a wand of enslavement (17)
 G - a wand of flame (15)
 O - a wand of paralysis (34)
Scrolls
 g - 2 scrolls of amnesia
 k - 3 scrolls of magic mapping
 o - 5 scrolls of remove curse
 r - 2 scrolls of fear {unknown}
 t - 3 scrolls of teleportation
 w - 2 scrolls of enchant weapon {unknown}
 A - a scroll of enchant armour {unknown}
 J - 2 scrolls of blinking {unknown}
 L - a scroll of vulnerability {unknown}
 M - 3 scrolls of immolation {unknown}
Potions
 l - 2 potions of agility
 q - 4 potions of curing
 u - a potion of magic
 v - 2 potions of brilliance
 C - a potion of might
 I - a potion of flight {unknown}
 P - a potion of cancellation {unknown}
Comestibles
 c - 20 rations


   Skills:
 - Level 1.5 Dodging
 - Level 3.0 Stealth
 + Level 6.7 Spellcasting
 - Level 10.0 Conjurations
 - Level 10.0 Fire Magic
 - Level 6.0 Invocations


You had 10 spell levels left.
You knew the following spells:

 Your Spells              Type           Power        Failure   Level  Hunger
a - Flame Tongue          Conj/Fire      #####        1%          1    None
b - Conjure Flame         Conj/Fire      ######..     1%          3    None
c - Sticky Flame          Conj/Fire      ######..     1%          4    ###....
d - Fireball              Conj/Fire      ######....   3%          5    #####..

Your spell library contained the following spells:

 Spells                   Type           Power        Failure   Level  Hunger
 Throw Flame              Conj/Fire      ######       1%          2    None
 Inner Flame              Hex/Fire       ####....     2%          3    None


Dungeon Overview and Level Annotations

Branches:
Dungeon (10/15)            Temple (1/1) D:6             Orc (0/2) D:10
   Lair: D:8-11

Altars:
Ashenzari
Cheibriados
Dithmenos
Elyvilon
Gozag
Kikubaaqudgha
Nemelex Xobeh
Okawaru
Qazlal
Ru
Trog
Uskayaw
Vehumet
Wu Jian
Xom
Zin
The Shining One

Shops:
D:9 %

Annotations:
D:7 exclusion: hydra
D:9 2 transporters


Innate Abilities, Weirdness & Mutations

You cannot wear boots.
Your serpentine skin is tough. (AC +3)
You have supernaturally acute eyesight. (SInv)
Armour fits poorly on your strangely shaped body.
Your system is resistant to poisons. (rPois)
You cover ground very slowly.
You have a slow metabolism.
You can spit poison.


Message History

The red ugly thing resists.
The red ugly thing is heavily wounded.
The red ugly thing barely misses you.
Casting: Flame Tongue (safe; 1% risk of failure)
Confirm with . or Enter, or press ? or * to list all spells.
Aiming: Flame Tongue (safe; 1% risk of failure)
Press: ? - help, Shift-Dir - straight line, f/p - red ugly thing
Aim: a red ugly thing (heavily wounded)
The flame tongue hits the red ugly thing.
The red ugly thing resists.
The red ugly thing is heavily wounded.
The red ugly thing engulfs you.
* * * LOW HITPOINT WARNING * * *
You are engulfed in flames!
* * * LOW HITPOINT WARNING * * *
Okay, then.
You feel better. The red ugly thing engulfs you.
* * * LOW HITPOINT WARNING * * *
You are engulfed in flames!!
You die...

##### ###########***#####....
#.........#...#...'....
#.........#...#...#....
#.........#...#...#....
#....u....#...#...#....
#.....@...#...#...#....
**********#######'###..####'#....
,,,,,,,,,,....##..###..###..#....
,,,,,,,,,,....'.........#...#....
,,,,,,,,,,....#.........#...#....
,,,,,,,,,,...,#.........#...#....
,,,,,,,,,,..,,#..!...)..#...'....
,,,,,,,,,,.,,,#.........'...#....
,,,,,,,,,,,<,,##..###...#####....


You could see a red ugly thing.

Vanquished Creatures
  3 two-headed ogres
  Pikel (D:5)
  A troll (D:9)
  A hippogriff (D:7)
  Sigmund (D:2)
  A wraith (D:10)
  2 hungry ghosts (D:8)
  A black bear (D:7)
  4 ice beasts
  3 orc warriors
  A sky beast (D:8)
  3 slaves
  3 ogres
  3 centaurs
  3 bullfrogs
  A wyvern skeleton (D:8)
  5 scorpions
  4 howler monkeys
  A bullfrog zombie (D:7)
  3 crimson imps
  A centaur zombie (D:9)
  7 hounds
  A quasit (D:9)
  A centaur skeleton (D:7)
  8 orc priests
  Crazy Yiuf (D:4)
  3 orc wizards
  A bullfrog skeleton (D:5)
  2 iguanas
  Natasha (thrice) (D:4)
  7 worker ants
  A hound zombie (D:6)
  3 hound skeletons
  8 adders
  A shadow imp (D:9)
  An ooze (D:6)
  4 adder skeletons
  A worm (D:2)
  4 dart slugs
  5 leopard geckos
  27 orcs
  5 bats
  6 giant cockroaches
  5 goblins
  8 hobgoblins
  8 kobolds
  5 quokkas
  3 frilled lizards
  A giant cockroach zombie (D:5)
  A jackal skeleton (D:4)
  A leopard gecko skeleton (D:7)
  3 rats
181 creatures vanquished.

Notes
Turn   | Place    | Note
-------+----------+-------------------------------------------
     0 | D:1      | MisterFreud the Naga Fire Elementalist began the quest for the Orb.
     0 | D:1      | Reached XP level 1. HP: 15/15 MP: 3/3
   396 | D:1      | Reached XP level 2. HP: 20/22 MP: 3/5
  1416 | D:2      | Reached XP level 3. HP: 28/28 MP: 1/6
  1808 | D:2      | Noticed Sigmund
  2203 | D:3      | Reached XP level 4. HP: 22/36 MP: 5/7
  2456 | D:3      | Found a shattered altar of Ashenzari.
  2673 | D:3      | Found a bloodstained altar of Trog.
  2716 | D:3      | Learned a level 3 spell: Conjure Flame
  2734 | D:4      | Noticed Natasha
  2738 | D:4      | Killed Natasha
  2738 | D:4      | Reached XP level 5. HP: 42/42 MP: 5/8
  2943 | D:4      | Reached XP level 6. HP: 49/49 MP: 6/9
  2949 | D:4      | Learned a level 4 spell: Sticky Flame
  3071 | D:4      | Noticed Natasha
  3187 | D:4      | Killed Natasha
  3420 | D:4      | Noticed a phantom
  3633 | D:4      | Reached skill level 5 in Conjurations
  3633 | D:4      | Reached skill level 5 in Fire Magic
  3637 | D:4      | Noticed Natasha
  3642 | D:4      | Killed Natasha
  3689 | D:4      | Found a runed door.
  3693 | D:4      | Noticed Crazy Yiuf
  3697 | D:4      | Killed Crazy Yiuf
  3766 | D:5      | Entered Level 5 of the Dungeon
  3767 | D:5      | Noticed an ice beast
  3778 | D:5      | Killed an ice beast
  3778 | D:5      | Reached XP level 7. HP: 41/55 MP: 5/12
  3819 | D:5      | Got a smoking ring mail
  3957 | D:5      | Found an iron altar of Okawaru.
  4450 | D:5      | Reached XP level 8. HP: 62/62 MP: 9/14
  4645 | D:5      | Noticed Pikel
  4900 | D:5      | Killed Pikel
  5130 | D:2      | Reached XP level 9. HP: 68/68 MP: 15/15
  5238 | D:2      | Killed Sigmund
  5635 | D:6      | Found a staircase to the Ecumenical Temple.
  5980 | Temple   | Entered the Ecumenical Temple
  5988 | Temple   | Became a worshipper of Cheibriados the Contemplative
  6056 | D:6      | Found an ancient bone altar of Kikubaaqudgha.
  6141 | D:6      | Reached skill level 5 in Spellcasting
  6223 | D:6      | You fall through a shaft!
  6232 | D:7      | Found a sacrificial altar of Ru.
  6440 | D:7      | Reached skill level 1 in Invocations
  6614 | D:7      | Reached * piety under Cheibriados
  6627 | D:6      | Found a sacrificial altar of Ru.
  6936 | D:7      | Noticed a seven-headed hydra
  7288 | D:7      | Found a glowing golden altar of the Shining One.
  7642 | D:8      | Learned a level 5 spell: Fireball
  7656 | D:8      | Reached skill level 5 in Invocations
  7727 | D:8      | Reached ** piety under Cheibriados
  7925 | D:8      | Reached XP level 10. HP: 72/75 MP: 4/19
  8154 | D:8      | Noticed a two-headed ogre
  8164 | D:8      | Killed a two-headed ogre
  8458 | D:9      | Noticed a two-headed ogre
  8466 | D:9      | Killed a two-headed ogre
  8480 | D:9      | Found a transporter.
  8481 | D:9      | Found a transporter.
  8485 | D:9      | Noticed a salamander
  8487 | D:9      | a salamander changed into a spriggan
  8488 | D:9      | Noticed a centaur warrior
  8507 | D:9      | Found a sparkling altar of Nemelex Xobeh.
  8509 | D:9      | Found an ornate altar of the Wu Jian Council.
  8911 | D:9      | Found a shadowy altar of Dithmenos.
  8986 | D:9      | Found Makistru's Food Emporium.
  9040 | D:9      | Reached *** piety under Cheibriados
  9040 | D:9      | Noticed a two-headed ogre
  9049 | D:9      | HP: 3/75 [two-headed ogre/giant club (16)]
  9053 | D:9      | Killed a two-headed ogre
  9053 | D:9      | Reached skill level 10 in Conjurations
  9053 | D:9      | Reached skill level 10 in Fire Magic
  9468 | D:9      | Noticed an elephant
  9477 | D:9      | Noticed an eye of devastation
  9477 | D:9      | an elephant changed into an eye of devastation
  9642 | D:10     | Entered Level 10 of the Dungeon
  9708 | D:10     | Reached XP level 11. HP: 28/81 MP: 9/20
  9711 | D:10     | HP: 4/81 [wraith (9)]
 10127 | D:10     | Found a staircase to the Orcish Mines.
 10221 | D:10     | Noticed a red ugly thing
 10238 | D:10     | Mangled by a red ugly thing

Vault maps used:
D:1:      lightli_arrival_farm
D:2:      uniq_sigmund
D:3:      ashenzari_conservatory_becter, trog_book
D:4:      cheibrodos_helix_gallery, uniq_crazy_yiuf_cottage, uniq_natasha
D:5:      okawaru_metal_pillars_1_2, first_ration, uniq_pikel
D:6:      kiku_gazebo_pond_becter, minmay_temple_entry_overgrown,
          nicolae_ru_awakened_eye
D:7:      tso_oasis_becter, lemuel_crystal_altar, serial_glass, glass_columns_a,
          glass_columns_a
D:9:      grunt_dithmenos_smoke_and_mirrors, gammafunk_temple_overflow_arena,
          serial_shops, shop
D:10:     orc_0_dummy, enter_trove_1
Temple:   eino_narrow_crystal_temple

Skill      XL: |  1  2  3  4  5  6  7  8  9 10 |
---------------+-------------------------------+-----
Conjurations   | 2 3 4 5 7 8 10 | 10.0
Fire Magic     | 4 5 7 8 10 | 10.0
Spellcasting   | 3 4 6 |  6.7
Invocations    | 6 |  6.0
Dodging        | |  1.5
Stealth        | |  3.0

Action                   |  1- 3 |  4- 6 |  7- 9 | 10-12 || total
-------------------------+-------+-------+-------+-------++-------
Melee: Whip              |     3 |       |       |       ||     3
       Dagger            |       |    10 |    78 |    44 ||   132
       Quarterstaff      |       |       |    58 |       ||    58
Throw: Tomahawk          |       |       |     8 |     3 ||    11
 Cast: Flame Tongue      |    57 |   102 |   125 |    84 ||   368
       Sticky Flame      |       |     2 |    25 |    22 ||    49
       Fireball          |       |       |       |     3 ||     3
 Abil: Spit Poison       |     6 |     9 |     8 |       ||    23
Evoke: Wand              |       |       |     1 |     2 ||     3
  Use: Scroll            |       |    10 |     3 |     4 ||    17
       Potion            |       |       |     3 |     4 ||     7
 Stab: Sleeping          |       |       |     2 |     1 ||     3
  Eat: Chunk             |     4 |     6 |    15 |     6 ||    31
       Ration            |       |       |       |     2 ||     2
Armor: Robe              |     3 |    17 |    64 |    35 ||   119
       Skin              |       |       |     5 |       ||     5
Dodge: Dodged            |    19 |    52 |   133 |    76 ||   280

Table legend:
 A = Spawn XP
 B = Non-spawn XP
 C = Spawn XP percentage of total XP
 D = Spawn monster count
 E = Non-spawn monster count
 F = Spawn count percentage of total count
 G = Total turns spent on level
                    A         B        C        D         E        F      G
               +---------+---------+-------+---------+---------+-------+---------
         Total |       0 |    9522 |   0.0 |       0 |     178 |   0.0 | 10238
               +---------+---------+-------+---------+---------+-------+---------
           D:1 |       0 |      28 |   0.0 |       0 |      14 |   0.0 |  1296
           D:2 |       0 |     256 |   0.0 |       0 |      15 |   0.0 |  1223
           D:3 |       0 |     138 |   0.0 |       0 |      22 |   0.0 |   971
           D:4 |       0 |     445 |   0.0 |       0 |      28 |   0.0 |  1000
           D:5 |       0 |    1695 |   0.0 |       0 |      21 |   0.0 |  1032
           D:6 |       0 |     558 |   0.0 |       0 |      14 |   0.0 |   932
           D:7 |       0 |     945 |   0.0 |       0 |      19 |   0.0 |  1042
           D:8 |       0 |    2000 |   0.0 |       0 |      15 |   0.0 |   939
           D:9 |       0 |    3066 |   0.0 |       0 |      27 |   0.0 |  1188
          D:10 |       0 |     391 |   0.0 |       0 |       3 |   0.0 |   596
               +---------+---------+-------+---------+---------+-------+---------
